 Dungeon Crawl Stone Soup version 0.28-a0-1212-gc6b4282bc0 (webtiles) character file.

Game seed: 11590358405397977721

98 Fortus the Chopper (level 4, -1/39 HPs)
             Began as a Minotaur Fighter on Dec 21, 2021.
             Was a Follower of Ru.
             Succumbed to an orc's poison
             ... on level 3 of the Dungeon.
             The game lasted 00:02:16 (1410 turns).

Fortus the Chopper (Minotaur Fighter)               Turns: 1410, Time: 00:02:17

Health: -1/39      AC:  6    Str: 23    XL:     4   Next: 44%
Magic:  3/3        EV:  9    Int:  5    God:    Ru [*.....]
Gold:   38         SH:  4    Dex:  9    Spells: 3/3 levels left

rFire   . . .      SeeInvis .   a - +0 war axe
rCold   . . .      Faith    .   c - +0 buckler
rNeg    . . .      Spirit   .   b - +0 scale mail
rPois   .          Reflect  .   (helmet restricted)
rElec   .          Harm     .   (no cloak)
rCorr   .          Rampage  .   (no gloves)
Will    .....                   (no boots)
Stlth   ..........              (no amulet)
HPRegen 0.13/turn               (no ring)
MPRegen 0.08/turn               (no ring)

@: lethally poisoned (-1 -> -16)
A: horns 2, hated by all, retaliatory headbutt
a: Renounce Religion


You were on level 3 of the Dungeon.
You worshipped Ru.
Ru was aware of your devotion.
You visited 1 branch of the dungeon, and saw 3 of its levels.

You collected 38 gold pieces.

Inventory:

Hand Weapons
 a - a +0 war axe (weapon)
Armour
 b - a +0 scale mail (worn)
 c - a +0 buckler (worn)
Scrolls
 e - 2 scrolls of amnesia {unknown}
 f - a scroll of blinking {unknown}
 g - 2 scrolls of teleportation {unknown}
 i - a scroll of magic mapping {unknown}
 j - a scroll of torment {unknown}
Potions
 d - a potion of might
 h - a potion of flight {unknown}
 k - a potion of cancellation {unknown}


   Skills:
 - Level 3.6 Fighting
 + Level 5.5 Axes
 - Level 3.6 Armour
 - Level 4.0 Shields


You had 3 spell levels left.
You didn't know any spells.
Your spell library contained the following spells:

 Spells                   Type           Power      Damage    Failure   Level
 Inner Flame              Hex/Fire       0%         N/A       98%         3
 Cause Fear               Hex            0%         N/A       100%        4
 Discord                  Hex            0%         N/A       100%        8


Dungeon Overview and Level Annotations

Branches:
Dungeon (3/15)

Altars:
Ru


Innate Abilities, Weirdness & Mutations

You have a pair of horns on your head.
You are hated by all.
You reflexively headbutt those who attack you in melee.


Message History

You kill the orc!
You barely miss the orc. Your headbutt misses the orc.
The orc barely misses you.
Your scale mail prevents you from hitting the orc.
Your headbutt misses the orc.
The orc hits you with a +2 whip of venom.
You are poisoned.
You barely miss the orc. You headbutt the orc.
The orc is lightly wounded.
You feel very sick. You block the orc's attack. The orc barely misses you.
You are too injured to fight recklessly!
You are too injured to fight recklessly!
You are too injured to fight recklessly!
You are too injured to fight recklessly!
You are too injured to fight recklessly!
You are too injured to fight recklessly!
You are too injured to fight recklessly!
You are too injured to fight recklessly!
You are too injured to fight recklessly!
You are too injured to fight recklessly!
You are too injured to fight recklessly!
You are too injured to fight recklessly!
You are too injured to fight recklessly!
You are too injured to fight recklessly!
You barely miss the orc.
The orc is lightly wounded.
You feel very sick. You block the orc's attack.
You hit the orc.
The orc is almost dead.
You feel sick.
The orc hits you with a +2 whip of venom.
* * * LOW HITPOINT WARNING * * *
You are lethally poisoned!
You hit the orc.
You kill the orc!
* * * LOW HITPOINT WARNING * * *
You feel very sick.
You die...

### #.###
#.(.###
##.#...#####
#..###.....##
#.##
#####..####
###.# ##..@.#
#...#
####..([...
##.###
.....## #..#
.......
#.#######
.......
.........
.......
.).......
.......
.........
.......
.........


There were no monsters in sight!

Vanquished Creatures
  An orc wizard (D:3)
  4 adders (D:2)
  4 orcs (D:3)
  An endoplasm (D:1)
  4 hobgoblins
  2 kobolds
  2 quokkas
  A ball python (D:1)
  5 bats
  4 frilled lizards
  4 goblins
  6 rats
38 creatures vanquished.

Notes
Turn   | Place    | Note
-------+----------+-------------------------------------------
     0 | D:1      | Fortus the Minotaur Fighter began the quest for the Orb.
     0 | D:1      | Reached XP level 1. HP: 19/19 MP: 0/0
   318 | D:1      | Reached skill level 3 in Axes
   394 | D:1      | Reached XP level 2. HP: 19/26 MP: 1/1
   757 | D:1      | Found a faded altar of an unknown god.
   760 | D:1      | Prayed at the altar of an unknown god.
   760 | D:1      | Became a worshipper of Ru the Awakened
   785 | D:1      | Gained mutation: You are hated by all. [Ru sacrifice]
   785 | D:1      | Reached * piety under Ru
   852 | D:2      | Reached skill level 4 in Axes
   855 | D:2      | Reached XP level 3. HP: 26/31 MP: 2/2
  1380 | D:3      | Reached skill level 5 in Axes
  1393 | D:3      | Reached XP level 4. HP: 26/39 MP: 3/3
  1410 | D:3      | Succumbed to an orc's poison

Illustrated notes

Levels and vault maps discovered:
D:1:      lightli_arrival_isolated_outpost, layout_loops_ring,
          shapermc_ecumenical_altar_mp_urbaneastern
D:2:      layout_rooms, minmay_misc_feat_columns
D:3:      layout_rooms, minmay_misc_feat_cross, uniq_jessica

Skill      XL: |  1  2  3 |
---------------+----------+-----
Axes           | 3 4 5 |  5.5
Shields        | 4 |  4.0
Fighting       | |  3.6
Armour         | |  3.6

Action                   |  1- 3 |  4- 6 || total
-------------------------+-------+-------++-------
Melee: War axe           |    89 |    17 ||   106
       Headbutt          |    15 |     3 ||    18
Invok: Sacrifice Love    |     1 |       ||     1
Armor: Scale mail        |    46 |     6 ||    52
Dodge: Dodged            |    34 |    10 ||    44
Block: Buckler           |    17 |     3 ||    20

Table legend: (Time is in decaauts)
 A = Elapsed time spent in this place.
 B = Non-inter-level travel time spent in this place.
 C = Inter-level travel time spent in this place.
 D = Time resting spent in this place.
 E = Time spent auto-exploring this place.
 F = Levels seen in this place.
 G = Mean time per level.
                   A        B        C        D        E       F      G
               +--------+--------+--------+--------+--------+-----+--------+
         Total |   1445 |   1402 |     43 |      0 |   1170 |   3 |  481.7 |
       Dungeon |   1445 |   1402 |     43 |      0 |   1170 |   3 |  481.7 |
               +--------+--------+--------+--------+--------+-----+--------+

Top non-repeatable levels by time:
     D:1: 803 daAuts
     D:2: 547 daAuts
     D:3: 94 daAuts
